| TOP OF THE 1ST |
|
Cincinnati Reds batting - Pitching for Los Angeles Dodgers : RHP Michael Walsh
|
|
Pitching: RHP Michael Walsh
|
|
|
Batting: RHB Willie Lazcano
|
0-0: Called Strike 0-1: Ball 1-1: Swinging Strike 1-2: Hit by Pitch
|
|
Batting: RHB Steve Castleberry
|
0-0: Ball 1-0: Ball 2-0: SINGLE (Groundball, 25, EV 73.8 MPH) (infield hit) Willie Lazcano to second
|
|
Batting: LHB Chris Grunwald
|
0-0: Ball 1-0: Called Strike 1-1: Fly out, F5 (Line Drive, 5, EV 70.0 MPH)
|
|
Batting: SHB Dave Barefoot
|
0-0: Called Strike 0-1: Swinging Strike 0-2: Foul Ball, location: 2F 0-2: Strikes out swinging
|
|
Batting: SHB Saulo Maina
|
0-0: Called Strike 0-1: Ball 1-1: Ground out 4-3 (Groundball, 34D, EV 99.4 MPH)
|
| Top of the 1st over - 0 runs, 1 hit, 0 errors, 2 left on base; Cincinnati 0 - Los Angeles 0 |
| BOTTOM OF THE 1ST |
|
Los Angeles Dodgers batting - Pitching for Cincinnati Reds : RHP Timmy John Aaron-Lee Frank Silveira
|
|
Pitching: RHP Timmy John Aaron-Lee Frank Silveira
|
|
|
Batting: RHB Clay Buchanan
|
0-0: Called Strike 0-1: Ball 1-1: Swinging Strike 1-2: Ball 2-2: Foul Ball, location: 2F 2-2: Foul Ball, location: 2F 2-2: Ground out 5-3 (Groundball, 56, EV 75.6 MPH)
|
|
Batting: RHB Tim Nettles
|
0-0: Ball 1-0: Swinging Strike 1-1: Ball 2-1: Foul Ball, location: 2F 2-2: SINGLE (Flyball, 3D, EV 94.4 MPH)
|
|
Batting: LHB Lirak Bazhunaishvili
|
0-0: Ball 1-0: Ball 2-0: Ball 3-0: Called Strike 3-1: Foul Ball, location: 2F 3-2: Base on Balls Tim Nettles to second
|
|
Batting: LHB Chris Buchan
|
0-0: Called Strike 0-1: Foul Ball, location: 2F 0-2: SINGLE (Groundball, 56, EV 98.1 MPH) Tim Nettles to third Lirak Bazhunaishvili to second Runner from 3rd tries for Home, SAFE, throw by LF to home
|
|
Batting: SHB Joel Baker
|
0-0: Ball 1-0: Called Strike 1-1: Swinging Strike 1-2: Ball 2-2: Strikes out swinging
|
|
Batting: RHB Danny Dyer
|
0-0: Foul Ball, location: 2F 0-1: Ball 1-1: Foul Ball, location: 2F 1-2: Ball 2-2: Foul Ball, location: 2F 2-2: Ground out 5-3 (Groundball, 5L, EV 100.0 MPH)
|
| Bottom of the 1st over - 1 run, 2 hits, 0 errors, 2 left on base; Cincinnati 0 - Los Angeles 1 |
| TOP OF THE 2ND |
|
Cincinnati Reds batting - Pitching for Los Angeles Dodgers : RHP Michael Walsh
|
|
Batting: RHB Fred Slade
|
0-0: Called Strike 0-1: Ball 1-1: SINGLE (Groundball, 6D, EV 96.2 MPH)
|
|
Batting: RHB Tony Casas
|
0-0: Ball 1-0: Ball 2-0: Ball 3-0: Called Strike 3-1: Swinging Strike 3-2: Fly out, F8 (Flyball, 8RM, EV 86.9 MPH)
|
|
Batting: RHB Joseph Kirchmann
|
0-0: Ball 1-0: Ball 2-0: Grounds into double play, 4-6-3 (Groundball, 34, EV 111.2 MPH)
|
| Top of the 2nd over - 0 runs, 1 hit, 0 errors, 0 left on base; Cincinnati 0 - Los Angeles 1 |
| BOTTOM OF THE 2ND |
|
Los Angeles Dodgers batting - Pitching for Cincinnati Reds : RHP Timmy John Aaron-Lee Frank Silveira
|
|
Batting: LHB Stephen Van Raalte
|
0-0: SOLO HOME RUN (Flyball, 7D, EV 103.1 MPH), Distance : 398 ft
|
|
Batting: RHB John Piccolo
|
0-0: Ball 1-0: Ball 2-0: Foul Ball, location: 2F 2-1: Foul Ball, location: 2F 2-2: Ball 3-2: DOUBLE (Line Drive, 89XD, EV 110.6 MPH)
|
|
Batting: RHB Leonardo Nava
|
0-0: Ball 1-0: Called Strike 1-1: Ball 2-1: 2-RUN HOME RUN (Flyball, 7D, EV 107.5 MPH), Distance : 407 ft
|
|
Batting: RHB Clay Buchanan
|
0-0: Ball 1-0: Ball 2-0: TRIPLE (Line Drive, 78XD, EV 102.5 MPH)
|
|
Batting: RHB Tim Nettles
|
0-0: Ball 1-0: Fly out, F8 (Flyball, 8RM, EV 91.2 MPH) Runner from 3rd tags up, SCORES, no throw by CF
|
|
Batting: LHB Lirak Bazhunaishvili
|
0-0: Called Strike 0-1: Ball 1-1: Called Strike 1-2: Strikes out looking
|
|
Batting: LHB Chris Buchan
|
0-0: Ball 1-0: Swinging Strike 1-1: Called Strike 1-2: Foul Ball, location: 2F 1-2: Ball 2-2: SINGLE (Line Drive, 89S, EV 108.1 MPH)
|
|
Pitching: LHP Antonio Diaz
|
|
|
Batting: SHB Joel Baker
|
0-0: Ball 1-0: Ball 2-0: Ball 3-0: Fly out, F9 (Flyball, 9LM, EV 83.1 MPH)
|
| Bottom of the 2nd over - 4 runs, 5 hits, 0 errors, 1 left on base; Cincinnati 0 - Los Angeles 5 |
| TOP OF THE 3RD |
|
Cincinnati Reds batting - Pitching for Los Angeles Dodgers : RHP Michael Walsh
|
|
Batting: RHB Omar Quintana
|
0-0: Called Strike 0-1: Foul Ball, location: 2F 0-2: DOUBLE (Flyball, 8RXD, EV 101.2 MPH)
|
|
Batting: RHB Willie Lazcano
|
0-0: Ball 1-0: Swinging Strike 1-1: Foul Ball, location: 2F 1-2: Foul Ball, location: 2F 1-2: Strikes out swinging
|
|
Batting: RHB Steve Castleberry
|
0-0: Called Strike 0-1: Foul Ball, location: 2F 0-2: Strikes out swinging
|
|
Batting: LHB Chris Grunwald
|
0-0: Ball 1-0: Ball 2-0: Ball 3-0: Base on Balls
|
|
Batting: SHB Dave Barefoot
|
0-0: Ball 1-0: Foul Ball, location: 2F 1-1: Ball 2-1: Swinging Strike 2-2: Foul Ball, location: 2F 2-2: Strikes out swinging
|
| Top of the 3rd over - 0 runs, 1 hit, 0 errors, 2 left on base; Cincinnati 0 - Los Angeles 5 |
| BOTTOM OF THE 3RD |
|
Los Angeles Dodgers batting - Pitching for Cincinnati Reds : LHP Antonio Diaz
|
|
Pitching: RHP Junpei Yamazaki
|
|
|
Batting: RHB Danny Dyer
|
0-0: Swinging Strike 0-1: SINGLE (Line Drive, 6D, EV 95.0 MPH)
|
|
Batting: LHB Stephen Van Raalte
|
0-0: Ball 1-0: Ball 2-0: Called Strike 2-1: Called Strike 2-2: Strikes out swinging
|
|
Batting: RHB John Piccolo
|
0-0: Called Strike 0-1: Foul Ball, location: 2F 0-2: Foul Ball, location: 2F 0-2: Ball 1-2: SINGLE (Line Drive, 89S, EV 87.5 MPH) Danny Dyer to second Runner from 2nd tries for 3rd, OUT! 9-5
|
|
Batting: RHB Leonardo Nava
|
0-0: Ball 1-0: Ball 2-0: Ball 3-0: Called Strike 3-1: Foul Ball, location: 2F 3-2: Base on Balls John Piccolo to second
|
|
Pinch Hitting: RHB Theo Schepers
|
0-0: Called Strike 0-1: Ball 1-1: Foul Ball, location: 2F 1-2: Fielders Choice at 2nd, 6-4 (Groundball, 6, EV 90.0 MPH)
|
| Bottom of the 3rd over - 0 runs, 2 hits, 0 errors, 2 left on base; Cincinnati 0 - Los Angeles 5 |
| TOP OF THE 4TH |
|
Cincinnati Reds batting - Pitching for Los Angeles Dodgers : RHP Michael Walsh
|
|
Now at 2B: Theo Schepers
|
|
|
Now at SS: Leonardo Nava
|
|
|
Batting: SHB Saulo Maina
|
0-0: Called Strike 0-1: Fly out, F9 (Flyball, BS6, EV 98.1 MPH)
|
|
Batting: RHB Fred Slade
|
0-0: Ball 1-0: Foul Ball, location: 2F 1-1: Swinging Strike 1-2: SOLO HOME RUN (Flyball, 7D, EV 106.9 MPH), Distance : 399 ft
|
|
Batting: RHB Tony Casas
|
0-0: Foul Ball, location: 2F 0-1: Ball 1-1: Foul Ball, location: 2F 1-2: Ground out 6-3 (Groundball, 6, EV 85.0 MPH)
|
|
Batting: RHB Joseph Kirchmann
|
0-0: Called Strike 0-1: Ball 1-1: Swinging Strike 1-2: Ground out 1-3 (Groundball, 15S, EV 70.6 MPH)
|
| Top of the 4th over - 1 run, 1 hit, 0 errors, 0 left on base; Cincinnati 1 - Los Angeles 5 |
| BOTTOM OF THE 4TH |
|
Los Angeles Dodgers batting - Pitching for Cincinnati Reds : RHP Junpei Yamazaki
|
|
Pitching: LHP Ed Chavez
|
|
|
Batting: RHB Tim Nettles
|
0-0: Ball 1-0: Swinging Strike 1-1: Ball 2-1: Foul Ball, location: 2F 2-2: Strikes out swinging
|
|
Pinch Hitting: RHB Wing-kit Bu
|
0-0: Swinging Strike 0-1: Ball 1-1: Foul Ball, location: 2F 1-2: Foul Ball, location: 2F 1-2: Strikes out swinging
|
|
Pinch Hitting: RHB Ben Mischnick
|
0-0: Fly out, F2 (Popup, 15S, EV 86.2 MPH)
|
| Bottom of the 4th over - 0 runs, 0 hits, 0 errors, 0 left on base; Cincinnati 1 - Los Angeles 5 |
| TOP OF THE 5TH |
|
Cincinnati Reds batting - Pitching for Los Angeles Dodgers : RHP Michael Walsh
|
|
Pitching: RHP Jeremy Stock
|
|
|
Now at 1B: John Piccolo
|
|
|
Now at 3B: Ben Mischnick
|
|
|
Now in CF: Wing-kit Bu
|
|
|
Now in RF: Steve Pond
|
|
|
Batting: RHB Omar Quintana
|
0-0: Ball 1-0: Ball 2-0: Ball 3-0: Called Strike 3-1: DOUBLE (Line Drive, 9LD, EV 110.0 MPH)
|
|
Batting: RHB Willie Lazcano
|
0-0: Ball 1-0: Ground out 4-3 (Groundball, 4, EV 86.2 MPH) Omar Quintana to third
|
|
Pinch Hitting: RHB Bruno André
|
0-0: Ball 1-0: Called Strike 1-1: Ball 2-1: Ball 3-1: Called Strike 3-2: Strikes out looking
|
|
Pinch Hitting: RHB Mike Alm
|
0-0: Ball 1-0: Called Strike 1-1: Ball 2-1: Ball 3-1: Ground out 4-3 (Groundball, 4, EV 88.1 MPH)
|
| Top of the 5th over - 0 runs, 1 hit, 0 errors, 1 left on base; Cincinnati 1 - Los Angeles 5 |
| BOTTOM OF THE 5TH |
|
Los Angeles Dodgers batting - Pitching for Cincinnati Reds : LHP Ed Chavez
|
|
Pitching: RHP Justin Ambrose
|
|
|
Now at 1B: Mike Alm
|
|
|
Now at 3B: Antonio Figueroa
|
|
|
Now in LF: Ricky Ayon
|
|
|
Now in RF: Bruno André
|
|
|
Batting: SHB Joel Baker
|
0-0: Ball 1-0: Called Strike 1-1: Ball 2-1: Foul Ball, location: 2F 2-2: Strikes out looking
|
|
Batting: RHB Danny Dyer
|
0-0: Ball 1-0: Foul Ball, location: 2F 1-1: Ball 2-1: Foul Ball, location: 2F 2-2: Foul Ball, location: 2F 2-2: Strikes out swinging
|
|
Batting: LHB Stephen Van Raalte
|
0-0: Called Strike 0-1: Swinging Strike 0-2: Fly out, F9 (Line Drive, 9S, EV 90.6 MPH)
|
| Bottom of the 5th over - 0 runs, 0 hits, 0 errors, 0 left on base; Cincinnati 1 - Los Angeles 5 |
| TOP OF THE 6TH |
|
Cincinnati Reds batting - Pitching for Los Angeles Dodgers : RHP Jeremy Stock
|
|
Pinch Hitting: SHB Jun Tsuda
|
0-0: Ball 1-0: Foul Ball, location: 2F 1-1: Foul Ball, location: 2F 1-2: Foul Ball, location: 2F 1-2: DOUBLE (Line Drive, 89XD, EV 105.0 MPH)
|
|
Batting: SHB Saulo Maina
|
0-0: Foul Ball, location: 2F 0-1: SINGLE (Groundball, 34D, EV 96.9 MPH) Jun Tsuda to third Runner from 3rd tries for Home, throw by RF and OUT! 9-2 Saulo Maina to second
|
|
Batting: LHB Ricky Ayon
|
0-0: Ball 1-0: Ball 2-0: Ball 3-0: Base on Balls
|
|
Batting: RHB Tony Casas
|
0-0: Foul Ball, location: 2F 0-1: Foul Ball, location: 2F 0-2: Ball 1-2: Foul Ball, location: 2F 1-2: Strikes out swinging
|
|
Batting: RHB Joseph Kirchmann
|
0-0: Swinging Strike 0-1: Ball 1-1: Swinging Strike 1-2: Ball 2-2: Foul Ball, location: 2F 2-2: Foul Ball, location: 2F 2-2: Fly out, F7 (Flyball, 78S, EV 89.4 MPH)
|
| Top of the 6th over - 0 runs, 2 hits, 0 errors, 2 left on base; Cincinnati 1 - Los Angeles 5 |
| BOTTOM OF THE 6TH |
|
Los Angeles Dodgers batting - Pitching for Cincinnati Reds : RHP Justin Ambrose
|
|
Pitching: RHP Jay Rapini
|
|
|
Now at 2B: Saulo Maina
|
|
|
Now at SS: Jun Tsuda
|
|
|
Pinch Hitting: RHB Tommy Hunter
|
0-0: Hit by Pitch
|
|
Batting: RHB Leonardo Nava
|
0-0: Grounds into double play, 4-6-3 (Groundball, 4S, EV 84.4 MPH)
|
|
Batting: RHB Theo Schepers
|
0-0: TRIPLE (Flyball, 78XD, EV 102.5 MPH)
|
|
Batting: LHB Steve Pond
|
0-0: Ball 1-0: Foul Ball, location: 2F 1-1: Foul Ball, location: 2F 1-2: Strikes out swinging
|
| Bottom of the 6th over - 0 runs, 1 hit, 0 errors, 1 left on base; Cincinnati 1 - Los Angeles 5 |
| TOP OF THE 7TH |
|
Cincinnati Reds batting - Pitching for Los Angeles Dodgers : RHP Jeremy Stock
|
|
Pitching: RHP Jared Wisham
|
|
|
Now at 1B: Tommy Hunter
|
|
|
Batting: RHB Omar Quintana
|
0-0: Called Strike 0-1: Called Strike 0-2: Ball 1-2: Fly out, F8 (Flyball, 8RS, EV 87.5 MPH)
|
|
Batting: LHB Antonio Figueroa
|
0-0: Ball 1-0: Called Strike 1-1: Ground out 1-3 (Groundball, 13S, EV 70.0 MPH)
|
|
Batting: RHB Bruno André
|
0-0: Ball 1-0: Called Strike 1-1: Fly out, F9 (Flyball, 9S, EV 85.0 MPH)
|
| Top of the 7th over - 0 runs, 0 hits, 0 errors, 0 left on base; Cincinnati 1 - Los Angeles 5 |
| BOTTOM OF THE 7TH |
|
Los Angeles Dodgers batting - Pitching for Cincinnati Reds : RHP Jay Rapini
|
|
Pitching: RHP Robbie Delgado
|
|
|
Batting: RHB Wing-kit Bu
|
0-0: Ball 1-0: Foul Ball, location: 2F 1-1: Swinging Strike 1-2: Foul Ball, location: 2F 1-2: Ball 2-2: Strikes out looking
|
|
Batting: RHB Ben Mischnick
|
0-0: Swinging Strike 0-1: Ball 1-1: Called Strike 1-2: SINGLE (Groundball, 4MD, EV 103.8 MPH) (infield hit)
|
|
Batting: SHB Joel Baker
|
0-0: Ball 1-0: SINGLE (Groundball, 6MD, EV 105.0 MPH) Ben Mischnick to second
|
|
Batting: RHB Danny Dyer
|
0-0: Called Strike 0-1: Foul Ball, location: 2F 0-2: Strikes out swinging
|
|
Batting: LHB Stephen Van Raalte
|
0-0: Called Strike 0-1: Ball 1-1: Fly out, F8 (Flyball, 8RXD, EV 106.9 MPH)
|
| Bottom of the 7th over - 0 runs, 2 hits, 0 errors, 2 left on base; Cincinnati 1 - Los Angeles 5 |
| TOP OF THE 8TH |
|
Cincinnati Reds batting - Pitching for Los Angeles Dodgers : RHP Jared Wisham
|
|
Batting: RHB Mike Alm
|
0-0: Ground out 4-3 (Groundball, 4, EV 100.0 MPH)
|
|
Batting: SHB Jun Tsuda
|
0-0: Called Strike 0-1: Ball 1-1: Ball 2-1: Swinging Strike 2-2: Foul Ball, location: 2F 2-2: Ball 3-2: DOUBLE (Line Drive, 9LS, EV 105.0 MPH)
|
|
Batting: SHB Saulo Maina
|
0-0: Ball Wild Pitch! Jun Tsuda to third 1-0: SINGLE (Groundball, 3L, EV 105.6 MPH) (infield hit) Jun Tsuda scores
|
|
Batting: LHB Ricky Ayon
|
0-0: Called Strike 0-1: Swinging Strike 0-2: Ball 1-2: Strikes out looking
|
|
Batting: RHB Tony Casas
|
0-0: Ball 1-0: Ball 2-0: Swinging Strike 2-1: Called Strike 2-2: Foul Ball, location: 2F 2-2: Ground out 4-3 (Groundball, 4, EV 83.8 MPH)
|
| Top of the 8th over - 1 run, 2 hits, 0 errors, 1 left on base; Cincinnati 2 - Los Angeles 5 |
| BOTTOM OF THE 8TH |
|
Los Angeles Dodgers batting - Pitching for Cincinnati Reds : RHP Robbie Delgado
|
|
Pitching: RHP Ryan Terlizzi
|
|
|
Batting: RHB Tommy Hunter
|
0-0: Called Strike 0-1: Ball 1-1: Swinging Strike 1-2: Ball 2-2: Foul Ball, location: 2F 2-2: Strikes out looking
|
|
Batting: RHB Leonardo Nava
|
0-0: Ball 1-0: Ball 2-0: Ground out 4-3 (Groundball, 4, EV 88.8 MPH)
|
|
Batting: RHB Theo Schepers
|
0-0: Ball 1-0: Called Strike 1-1: Swinging Strike 1-2: Strikes out swinging
|
| Bottom of the 8th over - 0 runs, 0 hits, 0 errors, 0 left on base; Cincinnati 2 - Los Angeles 5 |
| TOP OF THE 9TH |
|
Cincinnati Reds batting - Pitching for Los Angeles Dodgers : RHP Jared Wisham
|
|
Pitching: RHP Joon-ho Rhee
|
|
|
Batting: RHB Joseph Kirchmann
|
0-0: Swinging Strike 0-1: Swinging Strike 0-2: Strikes out swinging
|
|
Batting: RHB Takanibu Kaneshiro
|
0-0: Ball 1-0: Ball 2-0: Ball 3-0: Base on Balls
|
|
Batting: LHB Antonio Figueroa
|
0-0: Foul Ball, location: 2F 0-1: Ball 1-1: Swinging Strike 1-2: Ball 2-2: Fielders Choice at 2nd, 6-4 (Groundball, 6, EV 102.5 MPH)
|
|
Batting: RHB Bruno André
|
0-0: Foul Ball, location: 2F 0-1: Ball 1-1: SINGLE (Flyball, 5D, EV 86.2 MPH) Antonio Figueroa to second
|
|
Batting: RHB Mike Alm
|
0-0: Called Strike 0-1: Ball 1-1: Foul Ball, location: 2F 1-2: Ball 2-2: Strikes out swinging
|
| Top of the 9th over - 0 runs, 1 hit, 0 errors, 2 left on base; Cincinnati 2 - Los Angeles 5 |
|